 Dungeon Sprint DCSS version 0.20.1-1-g8b1a95d (webtiles) character file.

1470 Fang the Cleaver (level 8, -3/60 HPs)
             Began as a Gargoyle Berserker on Oct 23, 2018.
             Was a High Priest of Trog.
             Slain by a shadow wraith (13 damage)
             ... in the Dungeon (Sprint VII: "The Pits").
             The game lasted 00:02:16 (1408 turns).

Fang the Cleaver (Gargoyle Berserker)               Turns: 1408, Time: 00:02:17

Health: -3/60      AC: 19    Str: 23    XL:     8   Next: 78%
Magic:  8/8        EV: 10    Int:  8    God:    Trog [*****.]
Gold:   10         SH:  0    Dex:  9    Spells: 7/7 levels left

rFire    . . .     SeeInvis .   j - +2 hand axe (freeze)
rCold    . . .     Gourm    .   (no shield)
rNeg     + . .     Faith    .   k - +3 chain mail
rPois    ∞         Spirit   .   (no helmet)
rElec    +         Reflect  .   (no cloak)
rCorr    .         Harm     .   (no gloves)
MR       .....     NoTele   +   (no boots)
Stlth    ..........             (no amulet)
Regen    0.2/turn               (no ring)
MPRegen  0.2/turn               (no ring)

@: berserk cooldown, slowed, very slow
A: negative energy resistance 1, electricity resistance, unbreathing,
petrification resistance, rot immunity, AC +5
a: Berserk, Trog's Hand, Brothers in Arms, Burn Spellbooks, Renounce Religion


You were in the Dungeon.
You worshipped Trog.
Trog was extremely pleased with you.
You were hungry.

You visited 1 branch You collected 10 gold pieces.

Inventory:

Hand Weapons
 j - a +2 hand axe of freezing (weapon)
Armour
 k - a +3 chain mail (worn)
Wands
 o - a wand of random effects (36/48)
Scrolls
 b - 3 scrolls of remove curse
 i - a scroll of blinking
 l - a scroll of summoning
Potions
 a - 2 potions of invisibility
 d - 6 potions of curing
 e - 5 potions of heal wounds
 f - a potion of haste
 g - 4 potions of magic
 h - 3 potions of berserk rage
Comestibles
 c - 8 bread rations
 m - 40 fruits
 n - 7 meat rations
 p - a chunk of flesh


   Skills:
 + Level 11.3 Fighting
 + Level 11.6 Axes
 + Level 8.0 Armour
 + Level 6.2 Dodging
 + Level 3.3 Stealth


You had 7 spell levels left.
You didn't know any spells.

Dungeon Overview and Level Annotations

Branches:
Dungeon (1/1)

Altars:
Ashenzari
Cheibriados
Dithmenos
Elyvilon
Fedhas
Gozag
Hepliaklqana
Kikubaaqudgha
Makhleb
Nemelex Xobeh
Okawaru
Qazlal
Ru
Sif Muna
Trog
Uskayaw
Vehumet
Xom
Yredelemnul
Zin
The Shining One
Beogh
Jiyva
Lugonu


Innate Abilities, Weirdness & Mutations

You are resistant to torment.
Your stone body is resilient. (AC +5)
You are immune to poison.
You resist negative energy. (rN+)
You are resistant to electric shocks. (rElec)
You can survive without breathing.
You are immune to petrification.
You are immune to rotting.


Message History

You slash something! You freeze something. You miss something.
Something hits you!
The phantom blinks!
You barely miss something. You barely miss something. Something hits you.
Something drains your vigour!
You feel yourself slow down.
You miss something. Something hits you!
You slash something! You freeze something.
The phantom blinks!
You closely miss the phantom. You closely miss something.
You are no longer berserk.
You are exhausted.
You feel as though you will be slow longer.
Something hits you. Something drains your vigour!
You feel as though you will be slow longer.
The phantom hits you.
The phantom blinks!
You miss something. Something hits you!
* * * LOW HITPOINT WARNING * * *
Something drains your vigour!
You feel as though you will be slow longer.
You hit something. You freeze something. Something hits you!
You die...

#.##'#...).##...<...#
#.#........##.......#
#.#........##.......#
#'###########.......#
#.......#..##########
#)......#)# ###
#...#...#)# ...#
#..###..#†#....#
#...#...#@{W...+
#.......#'#....#
#......)).# ...#
########### ###


You could see a phantom.

Vanquished Creatures
  Maurice (D)
  Sigmund (D)
  Menkaure (D)
  A water moccasin (D)
  A floating eye (D)
  A phantom (D)
  An ogre (D)
  5 wolves (D)
  A gnoll shaman (D)
  2 gnolls (D)
  2 ufetubi (D)
  An ooze (D)
  3 leopard geckos (D)
  A bat skeleton (D)
  A goblin (D)
  A hobgoblin (D)
  A kobold (D)
  A frilled lizard (D)
26 creatures vanquished.

Notes
Turn   | Place    | Note
-------+----------+-------------------------------------------
     0 | D        | Fang the Gargoyle Berserker began the quest for the Orb.
     0 | D        | Reached XP level 1. HP: 14/14 MP: 1/1
    30 | D        | Reached ** piety under Trog
   228 | D        | Reached XP level 2. HP: 13/20 MP: 2/2
   410 | D        | Reached *** piety under Trog
   410 | D        | Received a gift from Trog
   797 | D        | Found a bloodstained altar of Trog.
   797 | D        | Found a deep blue altar of Sif Muna.
   797 | D        | Found a viscous altar of Jiyva.
   797 | D        | Found a hazy altar of Hepliaklqana.
   797 | D        | Found an opulent altar of Gozag.
   798 | D        | Found a glowing golden altar of the Shining One.
   798 | D        | Found a glowing silver altar of Zin.
   798 | D        | Found a basalt altar of Yredelemnul.
   798 | D        | Found a shimmering altar of Xom.
   798 | D        | Found a sacrificial altar of Ru.
   798 | D        | Found a stormy altar of Qazlal.
   798 | D        | Found an iron altar of Okawaru.
   798 | D        | Found a sparkling altar of Nemelex Xobeh.
   798 | D        | Found a burning altar of Makhleb.
   798 | D        | Found a blossoming altar of Fedhas.
   798 | D        | Found a white marble altar of Elyvilon.
   798 | D        | Found a shadowy altar of Dithmenos.
   798 | D        | Found a snail-covered altar of Cheibriados.
   799 | D        | Found a radiant altar of Vehumet.
   799 | D        | Found a corrupted altar of Lugonu.
   799 | D        | Found a roughly hewn altar of Beogh.
   800 | D        | Found a hide-covered altar of Uskayaw.
   800 | D        | Found an ancient bone altar of Kikubaaqudgha.
   800 | D        | Found a shattered altar of Ashenzari.
   825 | D        | Noticed Menkaure
   826 | D        | Noticed a phantom
   826 | D        | Noticed a floating eye
   828 | D        | Paralysed by a floating eye for 2 turns
   831 | D        | Killed a floating eye
   831 | D        | Reached skill level 1 in Stealth
   831 | D        | Reached XP level 3. HP: 19/28 MP: 3/3
   831 | D        | Reached XP level 4. HP: 22/32 MP: 4/4
   831 | D        | Reached XP level 5. HP: 25/37 MP: 5/5
   832 | D        | Killed Menkaure
   832 | D        | Reached **** piety under Trog
   832 | D        | Reached XP level 6. HP: 30/44 MP: 6/6
   838 | D        | Killed a phantom
   841 | D        | Noticed Sigmund
   865 | D        | HP: 2/45 [something (2)]
   871 | D        | HP: 1/45 [something/magic dart (2)]
   907 | D        | Killed Sigmund
   907 | D        | Reached ***** piety under Trog
   907 | D        | Reached skill level 5 in Armour
   907 | D        | Reached XP level 7. HP: 12/51 MP: 7/7
  1148 | D        | Received a gift from Trog
  1148 | D        | Reached skill level 5 in Dodging
  1186 | D        | Noticed Maurice
  1206 | D        | Killed Maurice
  1206 | D        | Reached skill level 10 in Fighting
  1206 | D        | Reached skill level 10 in Axes
  1206 | D        | Reached XP level 8. HP: 59/59 MP: 8/8
  1392 | D        | Received a gift from Trog
  1408 | D        | Slain by a shadow wraith

Skill      XL: |  1  2  3  4  5  6  7  8 |
---------------+-------------------------+-----
Axes           | 3 6 7 9 10 11 | 11.6
Fighting       | 4 6 8 9 10 11 | 11.3
Dodging        | 2 3 4 5 6 |  6.2
Armour         | 3 4 5 6 8 |  8.0
Stealth        | 1 2 3 |  3.3

Action                   |  1- 3 |  4- 6 |  7- 9 || total
-------------------------+-------+-------+-------++-------
Melee: Hand axe          |    30 |    57 |    71 ||   158
Invok: Berserk           |     2 |       |     2 ||     4
  Use: Potion            |       |     1 |       ||     1
  Eat: Chunk             |       |       |     5 ||     5
Armor: Animal skin       |    14 |       |       ||    14
       Chain mail        |     1 |    28 |    15 ||    44
Dodge: Dodged            |    30 |    11 |    18 ||    59
